 Dungeon Crawl Stone Soup version 0.30-a0-1066-g63dfefce0d (webtiles) character file.

Game seed: 17191995166970275769

91 bande the Covered (level 4, -2/29 HPs)
             Began as a Gargoyle Fighter on Apr 12, 2023.
             Slain by an ogre
             ... wielding a +0 giant club
              (13 damage)
             ... on level 4 of the Dungeon.
             The game lasted 00:03:12 (2228 turns).

bande the Covered (Gargoyle Fighter)                Turns: 2228, Time: 00:03:12

Health: -2/29      AC: 10    Str: 20    XL:     4   Next: 59%
Magic:  4/4        EV:  9    Int:  8    God:
Gold:   169        SH:  4    Dex: 11    Spells: 3/3 levels left

rFire   + . .      SeeInvis .    a - +0 war axe
rCold   + . .      Faith    .    c - +0 buckler
rNeg    + . .      Spirit   .    b - +0 scale mail
rPois   ∞          Reflect  .    (no helmet)
rElec   +          Rampage  .    (no cloak)
rCorr   .                        (no gloves)
Will    .....                    (no boots) Stlth
                                 g - amulet of regeneration
HPRegen 1.04/turn                i - ring of protection from fire
MPRegen 0.09/turn                n - ring of protection from cold

@: no status effects
A: sickness immunity, AC +3, negative energy resistance 1, electricity
resistance, torment resistance 1, petrification resistance
a: no special abilities


You were on level 4 of the Dungeon.
You visited 1 branch of the dungeon, and saw 4 of its levels.

You collected 169 gold pieces.

Inventory:

Hand Weapons
 a - a +0 war axe (weapon)
 u - a +0 war axe
Armour
 b - a +0 scale mail (worn)
 c - a +0 buckler (worn)
Jewellery
 g - an amulet of regeneration (around neck)
 i - a ring of protection from fire (left hand)
 n - a ring of protection from cold (right hand)
Scrolls
 e - 3 scrolls of identify {unknown}
 f - 2 scrolls of blinking {unknown}
 k - a scroll of teleportation {unknown}
 o - a scroll of noise {unknown}
 p - a scroll of enchant armour {unknown}
 q - a scroll of amnesia {unknown}
 s - a scroll of fear {unknown}
 x - 3 scrolls of acquirement {unknown}
Potions
 d - 2 potions of might
 h - 3 potions of curing {unknown}
 j - a potion of brilliance {unknown}
 l - 2 potions of invisibility {unknown}
 m - 2 potions of flight {unknown}
 r - a potion of magic {unknown}
 t - a potion of berserk rage {unknown}
 v - a potion of degeneration {unknown}
 w - 2 potions of haste {unknown}


   Skills:
 + Level 3.8 Fighting
 + Level 2.9 Axes
 + Level 4.0 Armour
 - Level 0.1 Stealth
 + Level 3.7 Shields


You had 3 spell levels left.
You didn't know any spells.
Your spell library contained the following spells:

 Spells                   Type           Power      Damage    Failure   Level
 Slow                     Hex            0%         N/A       85%         1
 Confusing Touch          Hex            0%         N/A       99%         3
 Vampiric Draining        Necr           0%         2d6       99%         3


Dungeon Overview and Level Annotations

Branches:
Dungeon (4/15)
 Temple: D:4-7

Altars:


Innate Abilities, Weirdness & Mutations

You are immune to sickness and miasma.
Your stone body is resilient. (AC +3)
You are immune to poison.
You resist negative energy. (rN+)
You are resistant to electric shocks. (rElec)
You are resistant to unholy torment.
You are immune to petrification.


Message History

There is an open door here.
There is an escape hatch in the floor here.
You see here a staff of air.
There is a stone staircase leading down here.
You climb downwards.
Found a potion of might.
There is a stone staircase leading up here.
Found a stone staircase leading down.
d - 2 potions of might (gained 1)
A dart slug comes into view.
An ogre comes into view. It is wielding a +0 giant club.
The dart slug barely misses you.
You hit the dart slug but do no damage. The dart slug completely misses you.
You slash the dart slug!
You kill the dart slug!
You hit the ogre.
The ogre is lightly wounded.
The ogre barely misses you.
You hit the ogre but do no damage.
The ogre is lightly wounded.
The ogre completely misses you.
You hit the ogre.
The ogre is lightly wounded.
The ogre hits you with a +0 giant club!!
Ouch! That really hurt!
You are too injured to fight recklessly!
You are too injured to fight recklessly!
You are too injured to fight recklessly!
You are too injured to fight recklessly!
You are too injured to fight recklessly!
You are too injured to fight recklessly!
You are too injured to fight recklessly!
You are too injured to fight recklessly!
You are too injured to fight recklessly!
You are too injured to fight recklessly!
Unknown command.
You slash the ogre!
The ogre is heavily wounded.
The ogre hits you with a +0 giant club!
You die...

..# # ### #.#.# .#
# ... #.#.####.#.#
....#.#.#......#
....#...#.......
...^.#.#.......
#....O...... #...@#
#....# #######..###
........######.####
...>.......<.......
#########..........
#.###...... #.#
...... #.# .....


You could see an ogre.

Vanquished Creatures
  4 adders (D:3)
  2 dart slugs
  3 ball pythons
  5 endoplasms
  3 giant cockroaches
  4 goblins
  3 hobgoblins (D:3)
  2 jackals (D:3)
  7 bats
  3 frilled lizards
  8 kobolds
  6 rats
50 creatures vanquished.

Vanquished Creatures (others)
  A plant (D:1)
1 creature vanquished.

Grand Total: 51 creatures vanquished

Notes
Turn   | Place    | Note
-------+----------+-------------------------------------------
     0 | D:1      | bande the Gargoyle Fighter began the quest for the Orb.
     0 | D:1      | Reached XP level 1. HP: 14/14 MP: 1/1
    81 | D:1      | Reached XP level 2. HP: 19/19 MP: 2/2
   789 | D:2      | Reached XP level 3. HP: 24/24 MP: 3/3
  1088 | D:2      | Found a faded altar of an unknown god.
  1593 | D:3      | Reached XP level 4. HP: 29/29 MP: 4/4
  1652 | D:3      | Reached skill level 4 in Armour
  2221 | D:4      | Noticed an ogre
  2228 | D:4      | Slain by an ogre

Illustrated notes

Levels and vault maps discovered:
D:1:      spicycebolla_arrival_clurvy, layout_basic, serial_corexii_hall,
          corexii_hall_statues_t, corexii_hall_statues_l
D:2:      layout_basic, dreamdust_ecumenical_altar_sealed_demon,
          minmay_tetromino_l4
D:3:      layout_basic
D:4:      layout_basic, lemuel_tele_altar

Skill      XL: |  1  2  3  4 |
---------------+-------------+-----
Axes           | 2 |  2.9
Armour         | 4 |  4.0
Fighting       | |  3.8
Stealth        | |  0.1
Shields        | |  3.7

Action                     |  1- 3 |  4- 6 || total
---------------------------+-------+-------++-------
  Melee: War axe           |   100 |    36 ||   136
 Armour: Scale mail        |    68 |    17 ||    85
  Dodge: Dodged            |    67 |    17 ||    84
  Block: Buckler           |    26 |     6 ||    32

Table legend: (Time is in decaauts)
 A = Elapsed time spent in this place.
 B = Non-inter-level travel time spent in this place.
 C = Inter-level travel time spent in this place.
 D = Time resting spent in this place.
 E = Time spent auto-exploring this place.
 F = Levels seen in this place.
 G = Mean time per level.
                   A        B        C        D        E       F      G
               +--------+--------+--------+--------+--------+-----+--------+
         Total |   2283 |   2083 |    200 |      0 |   1684 |   4 |  570.8 |
       Dungeon |   2283 |   2083 |    200 |      0 |   1684 |   4 |  570.8 |
               +--------+--------+--------+--------+--------+-----+--------+

Top non-repeatable levels by time:
     D:2: 859 daAuts
     D:3: 787 daAuts
     D:1: 618 daAuts
     D:4: 18 daAuts
